AoeStats
← Jan_Rui

Lombardia

510151266Analyzed
4v4 RM · 4d ago on Sep 29, 2026· 68m 0s· 8 players
Game mode
Random Map
Map size
Large (8 player)
Population
200
Speed
Normal
Resources
Standard
Victory
Conquest
Starting age
Dark Age
Ending age
Imperial Age
RankedLock teamsTeams togetherTeam positionsShared explorationLock speedFull tech treeHidden civsTurbo modeCheats
Victory
Defeat
🇳🇿 Magyars · New Zealand
1107
+15
🇳🇱 Burgundians · Netherlands
1101
+15
🇨🇴 Bulgarians · Colombia
1013
+18
🇨🇳 Mongols · China
1008
+19
🇹🇷 Poles · Türkiye
1097
-18
🇬🇷 Persians · Greece
1077
-17
🇵🇱 Ethiopians · Poland
1062
-16
🇵🇱 Saxons · Poland
1058
-16
Kuroi Raito5577
6:35 Loom
9:32 Feudal Age
12:00 Double-Bit Axe
14:15 Fletching
16:46 Horse Collar
21:01 Castle Age
22:32 Bow Saw
22:14 Gold Mining
21:49 Crossbowman
22:32 Bodkin Arrow
24:14 Scale Mail Armor
25:53 Chain Mail Armor
28:33 Padded Archer Armor
30:35 Ballistics
30:55 Heavy Plow
31:41 Leather Archer Armor
32:48 Wheelbarrow
33:29 Scale Barding Armor
33:53 Hand Cart
35:27 Thumb Ring
38:07 Imperial Age
37:06 Caravan
38:50 Bracer
38:12 Arbalester
39:12 Heavy Camel Rider
40:14 Chain Barding Armor
40:04 Forging
41:37 Ring Archer Armor
41:20 Husbandry
41:47 Conscription
42:44 Chemistry
45:28 Iron Casting
48:15 Two-Man Saw
49:53 Blast Furnace
50:58 Torsion Engines
52:25 Onager
57:09 Siege Onager
63:55 Siege Engineers
siyahzeytinekmekcorba
1:56 Loom
13:40 Feudal Age
17:20 Castle Age
16:31 Double-Bit Axe
21:47 Bow Saw
24:49 Wheelbarrow
24:00 Town Watch
24:31 Pikeman
28:13 Hand Cart
31:39 Imperial Age
29:04 Gold Mining
30:10 Forging
30:01 Scale Mail Armor
30:58 Horse Collar
31:43 Heavy Plow
32:26 Chain Mail Armor
32:46 Iron Casting
32:24 Squires
32:10 Arson
32:50 Conscription
34:14 Plate Mail Armor
34:00 Elite Obuch
37:16 Lechitic Legacy
37:05 Scale Barding Armor
37:27 Fletching
38:13 Light Cavalry
39:05 Bloodlines
38:57 Husbandry
38:48 Treadmill Crane
39:57 Stone Mining
41:49 Crop Rotation
41:33 Masonry
42:25 Chemistry
41:45 Ballistics
41:38 Siege Engineers
41:27 Winged Hussar
42:33 Town Patrol
43:38 Blast Furnace
42:59 Chain Barding Armor
44:03 Chain Barding Armor
44:53 Szlachta Privileges
44:46 Bodkin Arrow
44:52 Padded Archer Armor
47:32 Hoardings
46:24 Elite Skirmisher
47:10 Thumb Ring
48:22 Stone Shaft Mining
50:39 Bracer
50:54 Leather Archer Armor
54:23 Caravan
60:00 Chemistry
60:09 Masonry
62:56 Cavalier
Pysiokk
7:05 Loom
11:29 Feudal Age
13:28 Double-Bit Axe
16:08 Castle Age
16:17 Horse Collar
17:14 Bow Saw
23:30 Pikeman
30:09 Gold Mining
30:16 Stone Mining
32:32 Gold Shaft Mining
35:32 Imperial Age
33:24 Forging
33:15 Scale Mail Armor
33:21 Fletching
34:38 Wheelbarrow
35:50 Halberdier
36:31 Squires
36:18 Arson
37:00 Chain Mail Armor
37:20 Iron Casting
36:16 Shield Wall
37:17 Conscription
36:20 Shield Wall
38:47 Plate Mail Armor
45:00 Hand Cart
47:18 Two-Man Saw
54:44 Bodkin Arrow
Sp@wn
11:16 Feudal Age
15:36 Castle Age
14:02 Double-Bit Axe
14:32 Horse Collar
18:53 Loom
24:04 Town Watch
28:18 Imperial Age
26:14 Bow Saw
26:06 Gold Mining
27:11 Wheelbarrow
26:45 Heavy Plow
27:39 Bloodlines
27:30 Husbandry
28:37 Gold Shaft Mining
27:26 Pikeman
29:33 Conscription
28:45 Cavalier
30:47 Scale Barding Armor
34:22 Chain Barding Armor
35:08 Town Patrol
34:30 Savar
35:35 Stone Mining
36:25 Plate Barding Armor
36:00 Forging
36:40 Scale Mail Armor
36:03 Halberdier
36:43 Squires
37:56 Two-Man Saw
38:47 Iron Casting
43:58 Blast Furnace
42:50 Fletching
44:57 Light Cavalry
47:35 Hussar
50:51 Hand Cart
60:54 Chain Mail Armor
Whimsical Cheek Clapper
8:08 Loom
8:14 Loom
10:26 Feudal Age
17:47 Castle Age
15:35 Horse Collar
15:42 Double-Bit Axe
16:59 Gold Mining
19:24 Bow Saw
25:13 Wheelbarrow
24:46 Heavy Plow
27:59 Bloodlines
31:45 Imperial Age
29:51 Bloodlines
29:48 Scale Barding Armor
30:29 Hand Cart
30:39 Chain Barding Armor
30:21 Town Watch
30:56 Husbandry
32:17 Cavalier
34:05 Plate Barding Armor
34:02 Paladin
35:22 Caravan
36:37 Gold Shaft Mining
43:05 Thumb Ring
43:44 Padded Archer Armor
46:22 Parthian Tactics
48:20 Conscription
47:58 Heavy Cavalry Archer
48:11 Elite Magyar Huszar
49:23 Ballistics
50:27 Light Cavalry
52:58 Town Patrol
52:37 Hussar
56:54 Fletching
63:20 Recurve Bow
63:39 Stone Mining
67:31 Bodkin Arrow
helium2
10:34 Feudal Age
9:34 Double-Bit Axe
9:34 Horse Collar
14:45 Loom
18:12 Castle Age
16:46 Bow Saw
17:27 Heavy Plow
18:41 Forging
18:39 Scale Barding Armor
24:10 Two-Man Saw
25:30 Iron Casting
25:41 Light Cavalry
27:15 Wheelbarrow
27:17 Town Watch
28:01 Gold Mining
28:04 Stone Mining
28:48 Crop Rotation
28:41 Chain Barding Armor
30:11 Burgundian Vineyards
31:03 Gold Shaft Mining
33:48 Imperial Age
32:39 Hand Cart
32:34 Town Patrol
33:43 Husbandry
33:04 Cavalier
36:06 Blast Furnace
35:42 Plate Barding Armor
34:31 Paladin
36:17 Conscription
36:34 Hoardings
37:24 Ballistics
38:06 Chemistry
38:34 Fletching
40:01 Masonry
40:02 Fortified Wall
39:50 Murder Holes
39:38 Treadmill Crane
41:17 Bodkin Arrow
41:25 Padded Archer Armor
41:26 Scale Mail Armor
53:07 Caravan
53:38 Coinage
53:21 Guilds
55:41 Banking
61:07 Elite Coustillier
Jan_Rui
12:38 Feudal Age
13:28 Loom
14:26 Wheelbarrow
15:18 Double-Bit Axe
17:37 Castle Age
17:11 Double-Bit Axe
21:57 Horse Collar
27:22 Husbandry
31:47 Imperial Age
29:03 Town Watch
31:49 Scale Barding Armor
31:54 Forging
32:03 Hand Cart
33:49 Iron Casting
33:34 Chain Barding Armor
33:39 Bow Saw
33:31 Heavy Plow
33:28 Stone Mining
33:03 Elite Konnik
33:59 Bloodlines
35:08 Gold Mining
37:00 Plate Barding Armor
37:25 Blast Furnace
36:32 Town Patrol
36:24 Fletching
37:06 Fervor
39:34 Caravan
40:44 Bodkin Arrow
42:39 Stone Shaft Mining
42:44 Gold Shaft Mining
45:40 Bracer
47:50 Conscription
47:29 Stirrups
54:46 Masonry
54:44 Siege Engineers
55:41 Chemistry
DDVICTORY
10:41 Feudal Age
12:03 Wheelbarrow
11:45 Loom
12:59 Double-Bit Axe
15:55 Castle Age
21:24 Forging
23:33 Husbandry
24:42 Iron Casting
25:01 Horse Collar
26:37 Gold Mining
27:53 Hand Cart
29:41 Bow Saw
30:10 Stone Mining
30:46 Bloodlines
31:33 Gold Shaft Mining
33:06 Stone Shaft Mining
32:53 Heavy Plow
36:41 Imperial Age
34:46 Caravan
34:56 Fletching
35:39 Bodkin Arrow
36:27 Padded Archer Armor
36:35 Scale Barding Armor
37:24 Ballistics
38:08 Conscription
37:49 Elite Mangudai
40:17 Bracer
40:39 Chain Barding Armor
40:09 Elite Steppe Lancer
42:19 Blast Furnace
42:24 Chemistry
43:19 Thumb Ring
43:48 Parthian Tactics
44:19 Thumb Ring
47:08 Drill
46:12 Onager
47:13 Light Cavalry
48:04 Hussar
53:43 Siege Onager
67:06 Heavy Camel Rider
Connection lost

Rejoining the realm…

Still unreachable

The connection could not be restored.

Session expired

The server has moved on; the page needs a fresh start.